 Dungeon Crawl Stone Soup version 0.25-a0-1137-g7f6bfe439b (webtiles) character file.

Game seed: 1281183653221700529, levelgen mode: classic

53 Amnesiac the Skirmisher (level 3, 0/22 HPs)
             Began as a Deep Elf Fighter on May 23, 2020.
             Slain by a bullfrog (2 damage)
             ... on level 2 of the Dungeon.
             The game lasted 00:03:59 (1546 turns).

Amnesiac the Skirmisher (Deep Elf Fighter)          Turns: 1546, Time: 00:04:00

Health: 0/22       AC:  7    Str: 14    XL:     3   Next: 62%
Magic:  5/5        EV:  8    Int: 12    God:
Gold:   149        SH:  8    Dex: 14    Spells: 2/2 levels left

rFire    + . .     SeeInvis .   a - +0 war axe
rCold    + . .     Gourm    .   c - +0 kite shield
rNeg     . . .     Faith    .   b - +0 scale mail
rPois    .         Spirit   .   g - +0 helmet
rElec    .         Reflect  .   x - scarf {rC+ rF+}
rCorr    .         Harm     .   (no gloves)
MR       .....                  (no boots)
Stlth    ..........             (no amulet)
HPRegen  0.07/turn              (no ring)
MPRegen  0.09/turn              (no ring)

@: no status effects
A: no striking features
a: no special abilities


You were on level 2 of the Dungeon.
You were not hungry.

You visited 1 branch of the dungeon, and saw 3 of its levels.

You collected 149 gold pieces.

Inventory:

Hand Weapons
 a - a +0 war axe (weapon)
Missiles
 p - 33 arrows
 q - 26 stones (quivered)
 r - 12 sling bullets
 t - 23 poisoned darts
Armour
 b - a +0 scale mail (worn)
 c - a +0 kite shield (worn)
 g - a +0 helmet (worn)
 x - a scarf of resistance (worn)
Wands
 w - a wand of random effects (22)
Scrolls
 e - 10 scrolls of identify {!r, unknown}
 h - 2 scrolls of amnesia {!r, unknown}
 i - a scroll of remove curse {!r, unknown}
 j - a scroll of enchant armour {!r, unknown}
 o - a scroll of magic mapping {!r, unknown}
 s - a scroll of blinking {!r, unknown}
 y - a scroll of teleportation {!r, unknown}
Potions
 d - a potion of might {!q}
 k - 2 potions of curing {!q, unknown}
 l - a potion of brilliance {!q, unknown}
 m - 2 potions of lignification {!q}
 n - a potion of stabbing {!q, unknown}
 u - a potion of flight {!q, unknown}
 v - a potion of mutation {!q, unknown}
Comestibles
 f - 2 rations
 z - a chunk of flesh


   Skills:
 * Level 2.8 Fighting
 - Level 2.0 Axes
 - Level 2.4 Armour
 + Level 2.8 Dodging
 - Level 2.4 Shields
 + Level 0.5 Evocations


You had 2 spell levels left.
You didn't know any spells.
Your spell library was empty.

Dungeon Overview and Level Annotations

Branches:
Dungeon (3/15)

Altars:


Message History

You now have 135 gold pieces (gained 11).
You now have 149 gold pieces (gained 14).
You open the door.
There is an open door here.
There is an open door here.
A goblin comes into view.
The goblin shouts!
A giant cockroach comes into view.
Found 6 gold pieces.
There are monsters nearby!
There are monsters nearby!
The giant cockroach waves its antennae.
A frilled lizard comes into view.
The frilled lizard hisses angrily.
You hear a loud, deep croak!
The goblin barely misses you.
The giant cockroach bites you but does no damage.
You slash the giant cockroach!
You kill the giant cockroach!
You hit the goblin.
A bullfrog comes into view.
You block the goblin's attack. The goblin hits you but does no damage.
You slash the goblin!
You kill the goblin!
You block the frilled lizard's attack.
You barely miss the bullfrog. You barely miss the frilled lizard.
You block the bullfrog's attack. The bullfrog hits you.
You block the frilled lizard's attack.
You hit the bullfrog.
The bullfrog is moderately wounded.
You barely miss the frilled lizard. You block the bullfrog's attack.
The frilled lizard bites you but does no damage.
You block the bullfrog's attack. The frilled lizard bites you.
The bullfrog hits you but does no damage.
Your shield and scale mail prevent you from hitting the bullfrog.
The bullfrog is moderately wounded.
Your shield and scale mail prevent you from hitting the frilled lizard.
The bullfrog hits you but does no damage.
The frilled lizard bites you but does no damage.
You block the bullfrog's attack.
You barely miss the bullfrog.
The bullfrog is moderately wounded.
You hit the frilled lizard.
You kill the frilled lizard!
The bullfrog hits you.
* * * LOW HITPOINT WARNING * * *
The bullfrog closely misses you.
You slash the bullfrog!
The bullfrog is severely wounded.
The bullfrog hits you.
* * * LOW HITPOINT WARNING * * *
You block the bullfrog's attack.
You closely miss the bullfrog.
The bullfrog is severely wounded.
The bullfrog barely misses you. You block the bullfrog's attack.
You miss the bullfrog.
The bullfrog is severely wounded.
You block the bullfrog's attack.
The bullfrog hits you but does no damage.
You closely miss the bullfrog.
The bullfrog is severely wounded.
You block the bullfrog's attack. The bullfrog hits you.
* * * LOW HITPOINT WARNING * * *
The bullfrog hits you.
You die...

########'#.#.#
#.#.#.# #.#...#
#.##### . #.#
..#########.######
.................#
......F.....####.#
#.....†@....#
#......%.†..#
#...........#
#...........#
#...$.......#
#...........#
#...........#
#...........#


You could see a bullfrog.

Vanquished Creatures
  A worm (D:2)
  3 dart slugs
  3 leopard geckos
  An orc (D:3)
  4 giant cockroaches (D:2)
  3 goblins
  4 hobgoblins (D:1)
  A jackal (D:2)
  6 kobolds
  3 bats (D:2)
  5 frilled lizards
  6 rats
40 creatures vanquished.

Notes
Turn   | Place    | Note
-------+----------+-------------------------------------------
     0 | D:1      | Amnesiac the Deep Elf Fighter began the quest for the Orb.
     0 | D:1      | Reached XP level 1. HP: 13/13 MP: 3/3
   436 | D:1      | Reached skill level 1 in Dodging
   439 | D:1      | Reached XP level 2. HP: 12/18 MP: 4/4
  1016 | D:2      | You fall into a shaft and drop 1 floor!
  1024 | D:3      | Reached XP level 3. HP: 14/22 MP: 5/5
  1536 | D:2      | Noticed a bullfrog
  1546 | D:2      | Slain by a bullfrog

Illustrated notes

Levels and vault maps discovered:
D:1:      eino_arrival_druids_welcome, layout_basic
D:2:      layout_basic, first_ration, minmay_hexomino_f4
D:3:      layout_basic, old_standard_altar, uniq_natasha

Skill      XL: |  1  2 |
---------------+-------+-----
Axes           | 2 |  2.0
Dodging        | 1 2 |  2.8
Fighting       | |  2.8
Armour         | |  2.4
Shields        | |  2.4
Evocations     | |  0.5

Action                   || total
-------------------------++-------
Melee: War axe           ||   134
  Use: Potion            ||     1
  Eat: Chunk             ||     2
Armor: Scale mail        ||    71
       Skin              ||     1
Dodge: Dodged            ||    48
Block: Kite shield       ||    73

Table legend:
 A = Non-vault XP
 B = Vault XP
 C = Vault XP percentage of total XP
 D = Non-vault monster count
 E = Vault monster count
 F = Vault count percentage of total count
                 A         B        C        D         E       F
            +---------+---------+-------+---------+---------+-------
      Total |      72 |       4 |   5.3 |      37 |       3 |   7.5
            +---------+---------+-------+---------+---------+-------
        D:1 |      25 |       0 |   0.0 |      14 |       0 |   0.0
        D:2 |      34 |       4 |  10.5 |      18 |       3 |  14.3
        D:3 |      13 |       0 |   0.0 |       5 |       0 |   0.0
            +---------+---------+-------+---------+---------+-------
